 Dungeon Crawl Stone Soup version 0.29-a0-575-g0dc89cf053 (webtiles) character file.

Game seed: 1833627765740540674

9 blackman the Sneak (level 2, 0/24 HPs)
             Began as a Human Delver on June 13, 2022.
             Slain by a gnoll
             ... wielding a +0 club
              (1 damage)
             ... on level 4 of the Dungeon.
             The game lasted 00:04:17 (169 turns).

blackman the Sneak (Human Delver)                    Turns: 169, Time: 00:04:18

Health: 0/24       AC:  3    Str: 12    XL:     2   Next: 20%
Magic:  2/2        EV: 12    Int: 10    God:
Gold:   0          SH:  0    Dex: 14    Spells: 1/1 levels left

rFire   . . .      SeeInvis .   a - +0 hand axe
rCold   . . .      Faith    .   (no shield)
rNeg    . . .      Spirit   .   b - +0 leather armour
rPois   .          Reflect  .   (no helmet)
rElec   .          Harm     .   (no cloak)
rCorr   .          Rampage  .   (no gloves)
Will    .....                   (no boots)
Stlth   +++.......              (no amulet)
HPRegen 0.08/turn               (no ring)
MPRegen 0.08/turn               (no ring)

@: no status effects
A: no striking features
a: no special abilities


You were on level 4 of the Dungeon.
You visited 1 branch of the dungeon, and saw 2 of its levels.

Inventory:

Hand Weapons
 a - a +0 hand axe (weapon)
Armour
 b - a +0 leather armour (worn)
Wands
 g - a wand of digging (3)
Scrolls
 c - a scroll of fog
 e - a scroll of fear


   Skills:
 + Level 3.1 Fighting
 + Level 2.2 Axes
 + Level 2.2 Dodging
 + Level 5.1 Stealth


You had one spell level left.
You didn't know any spells.
Your spell library was empty.

Dungeon Overview and Level Annotations

Branches:
Dungeon (5/15)
 Temple: D:4-7

Altars:


Message History

You feel sick.
* * * LOW HITPOINT WARNING * * *
You feel sick.
* * * LOW HITPOINT WARNING * * *
You feel sick.
You are no longer poisoned.
Unknown command.
You start resting.
A jelly comes into view.
Your extra speed is starting to run out.
You start resting.
You feel yourself slow down.
You start resting.
A jelly is nearby!
A jelly is nearby!
You start resting.
A jelly is nearby!
Found a golden potion and 7 gold pieces.
Found 17 gold pieces.
An orc comes into view. It is wielding a +0 club.
You start resting.
A jelly is nearby!
Found 4 gold pieces.
A scorpion comes into view.
A scorpion is nearby!
Found a stone staircase leading up.
A scorpion comes into view.
Found an escape hatch in the ceiling.
A quokka comes into view.
There is a stone staircase leading up here.
You climb upwards.
The gnoll shouts!
You hear a shout!
You hear an angry hiss.
Found 3 scrolls labelled AZUITSAOBB.
Found a stone staircase leading down.
There is a stone staircase leading down here.
A gnoll comes into view. It is wielding a +0 club.
The dart slug launches a dart at you. The slug dart hits you.
* * * LOW HITPOINT WARNING * * *
The gnoll attacks as you move away! The gnoll hits you with a +0 club.
You die...

#####
#?..#
#...#
#...###
#>.g..#
#...#g##
#g###.@#
#># ##.#
..# #.#
#### #..
##.# ..
#.. #.


You could see 2 gnolls.

Vanquished Creatures
  An adder (D:5)
1 creature vanquished.

Notes
Turn   | Place    | Note
-------+----------+-------------------------------------------
     0 | D:5      | blackman the Human Delver began the quest for the Orb.
     0 | D:5      | Reached XP level 1. HP: 18/18 MP: 1/1
    87 | D:5      | Reached XP level 2. HP: 5/24 MP: 2/2
    92 | D:5      | HP: 1/24 [poisoned by an adder]
   148 | D:5      | Noticed a scorpion
   160 | D:5      | Noticed a scorpion
   165 | D:4      | HP: 1/24 [dart slug/slug dart (5)]
   169 | D:4      | Slain by a gnoll

Illustrated notes

Levels and vault maps discovered:
D:4:      layout_rooms, nicolae_figureground_sparkle
D:5:      layout_rooms, serial_shops, kennysheep_mini_moat,
          kennysheep_windowed_goal, uniq_duvessa

Action                   || total
-------------------------++-------
Melee: Hand axe          ||     8
  Use: Scroll            ||     1
       Potion            ||     1
Dodge: Dodged            ||     5

Table legend: (Time is in decaauts)
 A = Elapsed time spent in this place.
 B = Non-inter-level travel time spent in this place.
 C = Inter-level travel time spent in this place.
 D = Time resting spent in this place.
 E = Time spent auto-exploring this place.
 F = Levels seen in this place.
 G = Mean time per level.
                   A        B        C        D        E       F      G
               +--------+--------+--------+--------+--------+-----+--------+
         Total |    152 |    150 |      2 |     23 |      0 |   2 |   76.0 |
       Dungeon |    152 |    150 |      2 |     23 |      0 |   2 |   76.0 |
               +--------+--------+--------+--------+--------+-----+--------+

Top non-repeatable levels by time:
     D:5: 146 daAuts
     D:4: 5 daAuts
